 Dungeon Crawl Stone Soup version 0.29.1-2-gbd0b4ee654 (webtiles) character file.

Game seed: 10983324884029629699

20 MisterFreud the Twirler (level 3, 0/27 HPs)
             Began as a Formicid Gladiator on Nov 2, 2022.
             Slain by an adder (3 damage)
             ... on level 2 of the Dungeon.
             The game lasted 00:00:49 (1243 turns).

MisterFreud the Twirler (Formicid Gladiator)        Turns: 1243, Time: 00:00:50

Health: 0/27       AC:  3    Str: 20    XL:     3   Next: 0%
Magic:  3/3        EV: 12    Int:  7    God:
Gold:   88         SH:  0    Dex: 15    Spells: 2/2 levels left

rFire   . . .      SeeInvis +   a - +0 quarterstaff
rCold   . . .      Faith    .   (no shield)
rNeg    . . .      Spirit   .   b - +0 leather armour
rPois   .          Reflect  .   (helmet unavailable)
rElec   .          Harm     .   (no cloak)
rCorr   .          Rampage  .   (no gloves)
Will    .....                   (no boots)
Stlth   +.........              (no amulet)
HPRegen 0.09/turn               (no ring)
MPRegen 0.08/turn               (no ring)

@: lethally poisoned (0 -> -2)
A: permanent stasis, dig shafts and tunnels, antennae 3, four strong arms
a: Dig, Shaft Self


You were on level 2 of the Dungeon.
You visited 1 branch of the dungeon, and saw 2 of its levels.

You collected 88 gold pieces.

Inventory:

Hand Weapons
 a - a +0 quarterstaff (weapon)
Missiles
 c - 3 throwing nets (quivered)
 d - 3 javelins
Armour
 b - a +0 leather armour (worn)
Potions
 e - a potion of berserk rage {unknown}
 g - 2 potions of curing {unknown}
 h - a potion of degeneration {unknown}
 j - a potion of lignification {unknown}


   Skills:
 - Level 2.1 Fighting
 + Level 4.0 Staves
 - Level 2.0 Throwing
 - Level 2.6 Dodging


You had 2 spell levels left.
You didn't know any spells.
Your spell library contained the following spells:

 Spells                   Type           Power      Damage    Failure   Level
 Sandblast                Erth           0%         2d4       50%         1
 Passwall                 Tmut/Erth      0%         N/A       63%         2
 Call Canine Familiar     Summ           0%         N/A       86%         3
 Portal Projectile        Hex/Tloc       0%         N/A       86%         3
 Stone Arrow              Conj/Erth      0%         3d7       86%         3
 Leda's Liquefaction      Hex/Erth       0%         N/A       99%         4


Dungeon Overview and Level Annotations

Branches:
Dungeon (2/15)

Altars:


Innate Abilities, Weirdness & Mutations

You cannot be hasted, slowed, berserked, paralysed or teleported.
You can dig through walls and to a lower floor.
You have a pair of large antennae on your head. (SInv)
Your four strong arms can wield two-handed weapons with a shield.


Message History

An adder comes into view.
Found 6 stones.
A frilled lizard comes into view.
Found 2 stones.
The frilled lizard hisses angrily.
The adder hisses angrily.
You hear an angry hiss.
An adder comes into view.
There are monsters nearby!
There are monsters nearby!
You completely miss the adder. The adder bites you.
You are poisoned.
The adder poisons you! The frilled lizard bites you.
You closely miss the adder.
You feel sick. The adder bites you. The frilled lizard closely misses you.
You feel sick. The adder bites you. The adder attacks as you move away!
The adder barely misses you.
The frilled lizard attacks as you move away!
The frilled lizard bites you but does no damage.
You feel sick.
You feel sick. The adder misses you.
You closely miss the adder.
You feel sick.
You are no longer poisoned.
The adder closely misses you. The adder attacks as you move away!
The adder barely misses you.
You closely miss the adder. The adder bites you but does no damage.
The adder bites you.
You are poisoned.
The adder poisons you!
You miss the adder.
You feel sick. The adder barely misses you.
You are too injured to fight recklessly!
You closely miss the adder.
You feel sick. The adder bites you. The adder barely misses you.
You are too injured to fight recklessly!
You miss the adder.
You feel sick. The adder bites you.
* * * LOW HITPOINT WARNING * * *
You hit the adder.
The adder is lightly wounded.
* * * LOW HITPOINT WARNING * * *
You feel sick. The adder misses you. The adder bites you.
You die...

####### # #.....# #
#.....###########
#................
...####.....#####.#.###
..............)........
##.####.#####..##.#.###
####.##....###.#.## #
#SS@.##.#####.....#
#.#.#l##### #.<####
#.....# #.## #.....# ##
#...... ..........
..........# ....(.....#
..(##.....#


You could see 2 adders and a frilled lizard.

Vanquished Creatures
  2 dart slugs (D:1)
  A ball python (D:1)
  A bat (D:1)
  An endoplasm (D:1)
  2 hobgoblins (D:1)
  2 quokkas (D:1)
  4 frilled lizards (D:1)
  A goblin (D:1)
  A kobold (D:1)
  A rat (D:1)
16 creatures vanquished.

Notes
Turn   | Place    | Note
-------+----------+-------------------------------------------
     0 | D:1      | MisterFreud the Formicid Gladiator began the quest for the
                  | Orb.
     0 | D:1      | Reached XP level 1. HP: 16/16 MP: 1/1
   206 | D:1      | Reached XP level 2. HP: 22/22 MP: 2/2
   936 | D:1      | Reached skill level 4 in Staves
   936 | D:1      | Reached XP level 3. HP: 21/27 MP: 3/3
  1243 | D:2      | Slain by an adder

Illustrated notes

Levels and vault maps discovered:
D:1:      amcnicky_arrival_abandoned_market, layout_basic,
          chequers_decorated_corner, minmay_pentomino_v4
D:2:      layout_basic, ebering_ecumenical_altar_rust, moated_statue,
          uniq_crazy_yiuf_cottage, uniq_jessica

Skill      XL: |  1  2 |
---------------+-------+-----
Staves         | 4 |  4.0
Fighting       | |  2.1
Throwing       | |  2.0
Dodging        | |  2.6

Action                   || total
-------------------------++-------
Melee: Quarterstaff      ||    43
  Use: Scroll            ||     2
 Stab: Sleeping          ||     1
Armor: Leather armour    ||     9
Dodge: Dodged            ||    28
